 Dungeon Crawl Stone Soup version 0.24.0-13-gcf9b319 (webtiles) character file.

Game seed: 92844456237250505, levelgen mode: deterministic

77 Bronimir the Stinger (level 4, -7/31 HPs)
             Began as a Formicid Venom Mage on May 17, 2020.
             Was an Initiate of Vehumet.
             Killed by divine providence
             ... invoked by an orc priest
              (11 damage)
             ... on level 3 of the Dungeon.
             The game lasted 00:04:54 (2805 turns).

Bronimir the Stinger (Formicid Venom Mage)          Turns: 2805, Time: 00:04:56

Health: -7/31      AC:  2    Str: 12    XL:     4   Next: 58%
Magic:  4/8        EV: 12    Int: 20    God:    Vehumet [......]
Gold:   68         SH:  0    Dex: 11    Spells: 3/9 levels left

rFire    . . .     SeeInvis +   a - +0 flail
rCold    . . .     Gourm    .   (no shield)
rNeg     . . .     Faith    .   i - +0 robe
rPois    .         Spirit   .   (helmet unavailable)
rElec    .         Reflect  .   (no cloak)
rCorr    .         Harm     .   (no gloves)
MR       .....                  (no boots)
Stlth    ++........             (no amulet)
HPRegen  0.10/turn              l - +4 ring of intelligence
MPRegen  0.11/turn              (no ring)

@: no status effects
A: permanent stasis, dig shafts and tunnels, four strong arms, antennae 3
a: Dig, Shaft Self, Renounce Religion


You were on level 3 of the Dungeon.
You worshipped Vehumet.
Vehumet was noncommittal.
You were very hungry.

You visited 1 branch of the dungeon, and saw 3 of its levels.

You collected 68 gold pieces.

Inventory:

Hand Weapons
 a - a +0 flail (weapon)
 d - a +0 club
 q - a +0 hunting sling
Missiles
 b - 4 javelins (quivered)
 g - 19 sling bullets
 j - 59 stones
Armour
 i - a +0 robe (worn)
Jewellery
 l - a +4 ring of intelligence (left hand)
 n - an uncursed ring of poison resistance {unknown}
Scrolls
 e - a scroll of noise {unknown}
 f - a scroll of fog {unknown}
 h - a scroll of teleportation {unknown}
 k - a scroll of enchant weapon {unknown}
 m - a scroll of enchant armour {unknown}
 p - a scroll of fear {unknown}
Comestibles
 c - 2 rations


   Skills:
 * Level 0.7 Fighting
 + Level 0.2 Maces & Flails
 * Level 1.0 Armour
 + Level 2.0 Dodging
 - Level 2.4 Stealth
 * Level 3.3 Spellcasting
 * Level 1.2 Conjurations
 * Level 4.9 Poison Magic


You had 3 spell levels left.
You knew the following spells:

 Your Spells              Type           Power        Failure   Level  Hunger
a - Sting                 Conj/Pois      ###.         4%          1    None
b - Poisonous Vapours     Pois/Air       ##....       8%          2    ##.....
c - Mephitic Cloud        Conj/Pois/Air  ##......     19%         3    ###....

Your spell library contained the following spells:

 Spells                   Type           Power        Failure   Level  Hunger
 Olgreb's Toxic Radiance  Pois           ###.....     19%         4    ####...
 Venom Bolt               Conj/Pois      ###.......   73%         5    ######.


Dungeon Overview and Level Annotations

Branches:
Dungeon (3/15)

Altars:
Cheibriados
Fedhas
Hepliaklqana
Vehumet
Wu Jian
Yredelemnul
The Shining One


Innate Abilities, Weirdness & Mutations

You cannot be hasted, slowed, berserked, paralysed or teleported.
You can dig through walls and to a lower floor.
Your four strong arms can wield two-handed weapons with a shield.
You have a pair of large antennae on your head. (SInv)


Message History

Poisonous vapours surround the orc priest!
The orc priest looks even sicker.
The orc priest closely misses you. The goblin barely misses you.
You hit the orc priest but do no damage.
The orc priest is lightly wounded.
The orc priest hits you with a +0 dagger.
The goblin hits you. The orc priest closely misses you. The goblin hits you.
* * * LOW HITPOINT WARNING * * *
You hit the orc priest.
The orc priest is lightly wounded.
The orc priest hits you with a +0 dagger.
* * * LOW HITPOINT WARNING * * *
The goblin closely misses you.
You hit the orc priest.
The orc priest is severely wounded.
The orc priest hits you but does no damage.
The goblin closely misses you.
The orc priest invokes the aid of Beogh against you.
Beogh smites you!
You die...

#........#.#.#.#..#####
#.$...........<.......
#.%.....#.#.#.#.#####.
#..........รท....#
#.......#.#.#.#.#
#.......g#.####.#
)......###l#.# .#
..###.# #g#.# .. . #.
#@#.# ## ......o.#.#
##.######.# { {


You could see an orc priest, a leopard gecko, a hobgoblin and a goblin.

Vanquished Creatures
  2 adders (D:2)
  A worm (D:2)
  4 dart slugs
  4 bats
  4 giant cockroaches (D:1)
  8 goblins
  7 hobgoblins
  A quokka (D:3)
  3 frilled lizards
  3 kobolds (D:2)
  8 rats
45 creatures vanquished.

Notes
Turn   | Place    | Note
-------+----------+-------------------------------------------
     0 | D:1      | Bronimir the Formicid Venom Mage began the quest for the
                  | Orb.
     0 | D:1      | Reached XP level 1. HP: 13/13 MP: 3/3
   245 | D:1      | Reached skill level 1 in Conjurations
   245 | D:1      | Reached XP level 2. HP: 12/19 MP: 0/5
   400 | D:1      | Learned a level 2 spell: Poisonous Vapours
   868 | D:1      | Reached XP level 3. HP: 21/25 MP: 2/6
  1395 | D:2      | Learned a level 3 spell: Mephitic Cloud
  1463 | D:2      | Found a hazy altar of Hepliaklqana.
  1463 | D:2      | Found a blossoming altar of Fedhas.
  1464 | D:2      | Found a basalt altar of Yredelemnul.
  1820 | D:2      | Reached XP level 4. HP: 23/31 MP: 4/8
  1930 | D:2      | Found a glowing golden altar of the Shining One.
  2512 | D:2      | Found a radiant altar of Vehumet.
  2515 | D:2      | Found a snail-covered altar of Cheibriados.
  2518 | D:2      | Found an ornate altar of the Wu Jian Council.
  2525 | D:2      | Became a worshipper of Vehumet
  2766 | D:3      | Reached skill level 1 in Armour
  2805 | D:3      | Killed from afar by an orc priest

Levels and vault maps discovered:
D:1:      dpeg_arrival_orchard, layout_basic, serial_curves, eino_curves_02,
          eino_curves_04
D:2:      layout_rooms, grunt_temple_overflow_diamond,
          nicolae_overflow_quartered_altars
D:3:      layout_loops_ring, ebering_ghost_sewer_d, small_statue_alley_b,
          st_stairs_8

Skill      XL: |  1  2  3  4 |
---------------+-------------+-----
Conjurations   | 1 |  1.2
Spellcasting   | 3 |  3.3
Armour         | 1 |  1.0
Dodging        | 2 |  2.0
Fighting       | |  0.7
Maces & Flails | |  0.2
Stealth        | |  2.4
Poison Magic   | |  4.9

Action                   |  1- 3 |  4- 6 || total
-------------------------+-------+-------++-------
Melee: Club              |    21 |       ||    21
       Flail             |    24 |    28 ||    52
 Cast: Sting             |    17 |     8 ||    25
       Poisonous Vapours |    25 |     7 ||    32
  Use: Potion            |       |     1 ||     1
 Stab: Sleeping          |     1 |       ||     1
  Eat: Chunk             |     5 |     2 ||     7
Armor: Robe              |    17 |    11 ||    28
Dodge: Dodged            |    44 |    37 ||    81
